 Dungeon Sprint DCSS version 0.22-a0-430-g6609fc6 (webtiles) character file.

268 GameOver the Skirmisher (level 6, -7/63 HPs)
             Began as a Naga Wizard on May 26, 2018.
             Was a Believer of Cheibriados.
             Mangled by a dire flail of protection (14 damage)
             ... in the Dungeon (Sprint V: "Ziggurat Sprint").
             The game lasted 00:06:46 (165 turns).

GameOver the Skirmisher (Naga Wizard)                Turns: 165, Time: 00:06:47

Health: -7/63      AC: 13    Str: 20    XL:     6   Next: 21%
Magic:  8/10       EV: 11    Int: 26    God:    Cheibriados [**....]
Gold:   0          SH:  0    Dex: 20    Spells: 5/11 levels left

rFire    + + .     SeeInvis +   U - +9 sword of Zonguldrok {reap}
rCold    x . .     Gourm    .   (no shield)
rNeg     . . .     Faith    .   c - +5 fire dragon scales
rPois    +         Spirit   .   b - +0 hat
rElec    .         Reflect  .   (no cloak)
rCorr    .         Harm     .   (no gloves)
MR       .....     NoTele   +   (no barding)
Stlth    +.........             (no amulet)
HPRegen  0.20/turn              I - +6 ring of dexterity
MPRegen  0.12/turn              M - +6 ring of strength

@: studying Long Blades, very slow
A: large, see invisible, deformed body, poison resistance, slowness 2, slow
metabolism 1, spit poison 1, AC +2
a: Spit Poison, Bend Time, Renounce Religion


You were in the Dungeon.
You worshipped Cheibriados.
Cheibriados was pleased with you.
You were not hungry.

You visited 1 branch

Inventory:

Hand Weapons
 o - a +5 triple crossbow
 q - a +5 triple sword
 r - a +5 demon blade
 P - the +6 Majin-Bo {vamp, Archmagi MP+6 Int+6}
   (You found it in the Dungeon)

   It inflicts no extra harm, but heals its wielder when it wounds a living foe.
   It affects your intelligence (+6).
   It affects your magic capacity (+6).
 R - the +7 Singing Sword
   (You found it in the Dungeon)
 S - the +11 plutonium sword {*Contam Stlth-}
   (You found it in the Dungeon)

   It causes magical contamination when unequipped.
   It makes you less stealthy.
 T - the +0 sword of Power
   (You found it in the Dungeon)
 U - the +9 sword of Zonguldrok (weapon) {reap}
   (You found it in the Dungeon)

   If a monster killed with it leaves a corpse in good enough shape, the corpse
   will be animated as a zombie friendly to the killer.
Missiles
 p - 1000 bolts
Armour
 a - a +0 robe
 b - a +0 hat (worn)
 c - +5 fire dragon scales (worn)
 k - +5 gold dragon scales
 l - +5 shadow dragon scales
 m - +5 storm dragon scales
 Q - the +18 shield of the Gong {rElec rN+ MR+ EV-5}
   (You found it in the Dungeon)

   It affects your evasion (-5).
   It insulates you from electricity.
   It protects you from negative energy.
   It affects your resistance to hostile enchantments.
Magical Staves
 G - an uncursed staff of energy
Jewellery
 I - a +6 ring of dexterity (left hand)
 J - a +6 ring of dexterity
 K - a +6 ring of intelligence
 L - a +6 ring of intelligence
 M - a +6 ring of strength (right hand)
 N - a +6 ring of strength
Wands
 y - a wand of disintegration (7)
 E - a wand of iceblast (7)
 F - a wand of acid (7)
Scrolls
 j - 4 scrolls of blinking
 n - 4 scrolls of amnesia
 s - 7 scrolls of fog
 t - a scroll of holy word
 u - 5 scrolls of identify
 v - 5 scrolls of remove curse
 w - 2 scrolls of fear
Potions
 e - 10 potions of curing
 f - 10 potions of heal wounds
 g - 6 potions of haste
 h - 7 potions of magic
 i - 3 potions of berserk rage
 x - 2 potions of brilliance
 z - 2 potions of invisibility
 A - 4 potions of resistance
 C - 7 potions of agility
 D - 5 potions of might
Books
 B - a manual of Long Blades
Miscellaneous
 H - a crystal ball of energy
 O - a lightning rod (4/4)
Comestibles
 d - 7 rations


   Skills:
 + Level 6.8 Fighting
 + Level 6.7 Long Blades
 + Level 5.6 Armour
 + Level 6.0 Dodging
 - Level 3.0 Stealth
 - Level 3.0 Spellcasting
 + Level 1.7 Conjurations
   Level 1.0 Summonings
 + Level 1.8 Translocations
 + Level 2.0 Poison Magic
 + Level 1.4 Invocations


You had 5 spell levels left.
You knew the following spells:

 Your Spells              Type           Power        Failure   Level  Hunger
a - Magic Dart            Conj           ##..         14%         1    None
b - Blink                 Tloc           N/A          22%         2    ##.....
s - Mephitic Cloud        Conj/Pois/Air  ##......     47%         3    ###....

Your spell library contained the following spells:

 Spells                   Type           Power        Failure   Level  Hunger
 Conjure Flame            Conj/Fire      #.......     54%         3    ###....
 Slow                     Hex            #.......     41%         2    ##.....
 Call Imp                 Summ           #.......     30%         2    ##.....


Dungeon Overview and Level Annotations

Branches:
Dungeon (1/1)

Altars:
Ashenzari
Cheibriados
Dithmenos
Elyvilon
Fedhas
Gozag
Hepliaklqana
Kikubaaqudgha
Makhleb
Nemelex Xobeh
Okawaru
Qazlal
Ru
Sif Muna
Trog
Uskayaw
Vehumet
Wu Jian
Xom
Yredelemnul
Zin
The Shining One
Beogh
Jiyva
Lugonu

Annotations:
D 1 transporter


Innate Abilities, Weirdness & Mutations

You cannot wear boots.
Your serpentine skin is tough. (AC +2)
You have supernaturally acute eyesight. (SInv)
Armour fits poorly on your strangely shaped body.
Your system is resistant to poisons. (rPois)
You cover ground very slowly.
You have a slow metabolism.
You can spit poison.


Message History

Found a transporter.
Unknown command.
Casting: Magic Dart (safe; 14% risk of failure)
Confirm with . or Enter, or press ? or * to list all spells.
You blink.
The deep elf archer barely misses you.
The deep elf archer blinks!
The dire flail of protection hits you.
Unknown command.
Unknown command.
You slash the dire flail of protection!
The dire flail of protection is heavily damaged.
The dire flail of protection hits you!
* * * LOW HITPOINT WARNING * * *
The deep elf archer blinks!
The deep elf mage hits you but does no damage.
The dire flail of protection hits you.
* * * LOW HITPOINT WARNING * * *
You hit the dire flail of protection but do no damage.
The dire flail of protection is moderately damaged.
The deep elf archer blinks!
The dire flail of protection hits you!
You die...

▓▓▓▓▓▓▓▓▓▓▓▓▓▓▓▓▓▓▓
▓.8©8@▓.8©8.▓.8©8.▓
▓.[:e(▓..|[.▓.....▓
▓..).§▓.....▓.)...▓
▓.....▓.....▓.....▓
▓.....▓.....▓..†..▓
▓.ee..▓.....▓..©..▓
▓..©..▓..©..▓▓▓▓▓▓▓
▓▓▓▓▓▓▓▓▓▓▓▓▓


You could see 2 deep elf archers, a deep elf mage and a dire flail of
protection.

Vanquished Creatures
  2 scorpions (D)
  A crimson imp (D)
  A quasit (D)
  An ufetubus (D)
5 creatures vanquished.

Notes
Turn   | Place    | Note
-------+----------+-------------------------------------------
     0 | D        | Found the +6 Majin-Bo {vamp, Archmagi MP+6 Int+6}
     0 | D        | Found the +7 great mace "Firestarter" {inner flame, rF++}
     0 | D        | GameOver the Naga Wizard began the quest for the Orb.
     0 | D        | Reached XP level 1. HP: 15/15 MP: 4/4
     3 | D        | Found a blossoming altar of Fedhas.
    10 | D        | Found a hazy altar of Hepliaklqana.
    10 | D        | Found a viscous altar of Jiyva.
    10 | D        | Found an opulent altar of Gozag.
    10 | D        | Found a transporter.
    10 | D        | Found an ancient bone altar of Kikubaaqudgha.
    14 | D        | Became a worshipper of Cheibriados the Contemplative
    18 | D        | Found a corrupted altar of Lugonu.
    41 | D        | Found a burning altar of Makhleb.
    42 | D        | Found a stormy altar of Qazlal.
    42 | D        | Found a sacrificial altar of Ru.
    42 | D        | Found an iron altar of Okawaru.
    42 | D        | Found a deep blue altar of Sif Muna.
    42 | D        | Found a sparkling altar of Nemelex Xobeh.
    42 | D        | Found a bloodstained altar of Trog.
    62 | D        | Found the +9 heavy crossbow "Sniper" {velocity, Acc+∞ SInv}
    62 | D        | Found the +10 dark maul {crush}
    62 | D        | Found the +15 Maxwell's patent armour {-Cast -Tele rElec MR+ rCorr}
    62 | D        | Found the +18 shield of the Gong {rElec rN+ MR+ EV-5}
    62 | D        | Found the cursed +14 obsidian axe {chop, +Fly SInv *Curse}
    64 | D        | Found the +6 shillelagh "Devastator" {shatter}
    64 | D        | Found the +11 plutonium sword {*Contam Stlth-}
    64 | D        | Found the +8 lance "Wyrmbane" {slay drac, rPois rF+ rC+ AC+3}
    64 | D        | Found the +9 sword of Zonguldrok {reap}
    64 | D        | Found the cursed +13 scythe of Curses {drain, *Curse}
    64 | D        | Found the +0 sword of Power
    64 | D        | Found the -3 mace of Variability {chaos}
    64 | D        | Found the +7 Singing Sword
    64 | D        | Found the +7 longbow "Piercer" {penet, EV-2}
    69 | D        | Entered arena 2.
    69 | D        | Noticed a scorpion
    69 | D        | Noticed a scorpion
    69 | D        | Found a transporter.
    72 | D        | Killed a scorpion
    72 | D        | Reached XP level 2. HP: 28/28 MP: 6/6
    72 | D        | Reached XP level 3. HP: 34/34 MP: 7/7
    72 | D        | Killed a scorpion
    72 | D        | Reached * piety under Cheibriados
    72 | D        | Reached XP level 4. HP: 44/44 MP: 8/8
    78 | D        | Reached skill level 5 in Armour
    78 | D        | Reached skill level 5 in Dodging
    78 | D        | Reached XP level 5. HP: 56/56 MP: 9/9
    86 | D        | Learned a level 2 spell: Blink
    90 | D        | Learned a level 3 spell: Mephitic Cloud
    90 | D        | Entered arena 3.
    90 | D        | Found a transporter.
    96 | D        | Reached skill level 1 in Poison Magic
    96 | D        | Reached XP level 6. HP: 60/63 MP: 6/10
   100 | D        | Reached ** piety under Cheibriados
   100 | D        | Reached skill level 1 in Invocations
   162 | D        | Entered arena 4.
   162 | D        | Noticed a deep elf mage
   162 | D        | Noticed a dire flail of protection
   162 | D        | Noticed a deep elf archer
   162 | D        | Noticed a deep elf archer
   162 | D        | Found a transporter.
   165 | D        | Mangled by a dire flail of protection

Vault maps used:
D:        sprint_v

Skill      XL: |  1  2  3  4  5  6 |
---------------+-------------------+-----
Fighting       | 3 4 6 |  6.8
Long Blades    | 3 4 6 |  6.7
Armour         | 2 3 5 |  5.6
Dodging        | 3 5 6 |  6.0
Poison Magic   | 1 2 |  2.0
Invocations    | 1 |  1.4
Stealth        | |  3.0
Spellcasting   | |  3.0
Conjurations   | |  1.7
Summonings     | |  1.0
Translocations | |  1.8

Action                   |  1- 3 |  4- 6 || total
-------------------------+-------+-------++-------
Melee: Double sword      |       |    11 ||    11
 Cast: Magic Dart        |       |     3 ||     3
       Blink             |       |     1 ||     1
 Abil: Spit Poison       |     1 |       ||     1
Evoke: Lightning rod     |     1 |     1 ||     2
  Use: Potion            |       |     1 ||     1
Armor: Robe              |       |     4 ||     4
       Fire dragon scale |       |     1 ||     1
Dodge: Dodged            |     1 |    17 ||    18
       Rpst.: Double sword |       |     2 ||     2

Table legend:
 A = Spawn XP
 B = Non-spawn XP
 C = Spawn XP percentage of total XP
 D = Spawn monster count
 E = Non-spawn monster count
 F = Spawn count percentage of total count
 G = Total turns spent on level
                    A         B        C        D         E        F      G
               +---------+---------+-------+---------+---------+-------+---------
         Total |       0 |     247 |   0.0 |       0 |       5 |   0.0 |   165
               +---------+---------+-------+---------+---------+-------+---------
             D |       0 |     247 |   0.0 |       0 |       5 |   0.0 |   165
               +---------+---------+-------+---------+---------+-------+---------
